Map: Goldenaura LE

Players

jeannysu

  • Race: Zerg Zerg
  • Spawn Location: 12:00

치터 칸 (가장 어려움) - Winner!

  • Race: Zerg Zerg
  • Spawn Location: 5:00

VOD

Have the link to the VOD?

Description

Time

  • Played on: Sept. 2, 2025, 9:56 a.m.
  • Length: 10:13
Show
View Real Time Build Order
Export as new Build Order

jeannysu Zerg 

Build Orders: Hatch First 

Get SALT Encoding   

  12  0:00  Drone  
  13  0:12  Overlord  
  13  0:16  Drone  
  14  0:30  Drone x2  
  16  0:48  Hatchery  
  15  0:50  Drone  
  15  0:54  Drone  
  17  0:58  Drone  
  18  1:09  Extractor  
  17  1:16  Spawning Pool  
  17  1:17  Drone  
  17  1:20  Drone  
  18  1:28  Drone  
  19  1:41  Drone  
  20  2:02  Drone  
  20  2:03  Zergling x4, Queen x2  
  27  2:10  Overlord  
  27  2:14  Overlord  
  27  2:23  Zergling x2  
  27  2:29  Drone  
  29  2:32  Drone  
  30  2:43  Drone  
  31  2:50  Queen  
  33  2:51  Hatchery  
  33  2:55  Drone x2  
  34  2:59  Drone  
  34  3:02  Drone  
  36  3:09  Queen  
  38  3:18  Drone x2  
  40  3:20  Drone x2  
  40  3:23  Overlord  
  40  3:25  Drone  
  43  3:27  Drone  
  44  3:39  Overlord  
  44  3:42  Overlord  
  44  3:45  Drone x2  
  46  3:50  Queen  
  46  3:52  Drone  
  49  3:57  Roach Warren  
  48  4:06  Drone  
  48  4:08  Drone  
  48  4:09  Drone x3  
  53  4:11  Queen  
  53  4:12  Drone  
  53  4:16  Drone  
  57  4:18  Drone x3  
  57  4:21  Lair  
  60  4:26  Evolution Chamber  
  60  4:29  Evolution Chamber  
  58  4:37  Drone  
  58  4:38  Drone x2  
  61  4:42  Extractor  
  61  4:43  Drone x3  
  61  4:44  Drone  
  64  4:47  Roach x3  
  64  4:49  Drone  
  71  4:56  Overlord x3  
  71  5:10  Extractor  
  71  5:13  Zerg Ground Armor Level 1, Zerg Missile Weapons Level 1  
  71  5:14  Extractor  
  69  5:17  Drone  
  69  5:18  Drone x6  
  69  5:20  Extractor  
  76  5:21  Zergling x6, Extractor  
  77  5:33  Roach x4  
  85  5:39  Drone x2  
  87  5:47  Glial Reconstitution  
  87  5:52  Roach  
  87  5:54  Overlord x3  
  89  6:01  Drone  
  89  6:02  Overlord x2  
  90  6:17  Drone x3  
  93  6:20  Drone x5  
  93  6:22  Roach  
  93  6:23  Roach x5  
  110  6:31  Drone  
  110  6:32  Drone x2  
  113  6:33  Drone  
  113  6:34  Drone  
  113  6:37  Roach  
  117  6:52  Roach x6  
  117  6:53  Zergling x2  
  130  6:55  Metabolic Boost  
  130  7:02  Hatchery  
  130  7:04  Zergling x2  
  130  7:26  Overlord x5  
  130  7:32  Pneumatized Carapace  
  130  7:45  Roach x9  
  130  7:46  Roach x4  
  130  7:47  Ravager x6  
  130  7:49  Extractor  
  161  7:53  Extractor  
  160  8:01  Roach  
  160  8:02  Roach x4  
  170  8:06  Overlord x2  
  170  8:16  Overseer  
  170  8:18  Overseer  
  170  8:23  Queen  
  170  8:25  Drone x5  
  170  8:26  Drone x3  
  180  8:31  Infestation Pit  
  179  8:36  Hydralisk Den  
  179  8:39  Zergling x6  
  179  8:40  Zergling x18  
  190  9:04  Roach  
  190  9:06  Overlord x2  
  190  9:16  Zergling x6  
  190  9:17  Zergling x20  
  128  9:36  Zergling x2  
  128  9:37  Zergling x24  
  124  9:43  Roach  
  108  9:51  Roach  
  108  9:52  Roach x3  
Show
View Real Time Build Order
Export as new Build Order

치터 칸 (가장 어려움) Zerg - Winner!

Build Orders: Pool First, Lurkers 

Get SALT Encoding   

  12  0:00  Drone  
  13  0:11  Overlord  
  13  0:16  Drone  
  14  0:29  Drone x2  
  14  0:33  Drone  
  17  0:42  Spawning Pool  
  16  0:43  Drone  
  17  0:58  Hatchery  
  17  1:01  Drone  
  17  1:03  Extractor  
  16  1:06  Drone  
  16  1:08  Extractor  
  16  1:15  Drone  
  17  1:26  Drone  
  18  1:33  Queen  
  18  1:37  Drone  
  21  1:47  Overlord  
  21  1:58  Zergling x2  
  22  2:09  Drone x2, Queen  
  22  2:15  Roach Warren  
  25  2:20  Drone x2  
  27  2:30  Drone  
  27  2:31  Drone  
  29  2:40  Drone, Zergling x4  
  29  2:41  Overlord  
  29  2:42  Drone  
  33  2:52  Drone  
  33  2:57  Roach  
  33  2:58  Lair  
  36  3:03  Roach  
  36  3:04  Roach  
  40  3:12  Overlord x2, Roach  
  42  3:14  Zergling x2  
  42  3:15  Zergling x2  
  44  3:24  Overlord  
  44  3:30  Zergling x2, Drone x3  
  48  3:37  Drone  
  48  3:40  Drone  
  50  3:44  Roach x3  
  56  3:49  Drone  
  56  3:51  Roach  
  56  3:52  Roach  
  56  3:53  Overlord, Roach  
  63  3:59  Overlord  
  63  4:00  Hydralisk Den  
  62  4:03  Drone  
  63  4:11  Drone  
  64  4:19  Overlord  
  64  4:29  Hydralisk  
  64  4:31  Hydralisk x6  
  66  4:35  Hydralisk  
  80  4:40  Hydralisk  
  82  4:46  Hydralisk x4  
  82  4:51  Hydralisk, Overlord x2  
  92  5:02  Metabolic Boost  
  92  5:03  Drone, Extractor  
  92  5:05  Drone, Evolution Chamber  
  92  5:06  Drone, Extractor  
  92  5:09  Drone  
  92  5:12  Hatchery  
  92  5:13  Drone  
  93  5:18  Overlord  
  93  5:19  Drone x2  
  93  5:20  Drone, Infestation Pit  
  95  5:22  Drone  
  95  5:23  Drone  
  95  5:24  Drone  
  95  5:26  Drone  
  99  5:31  Drone  
  99  5:32  Zerg Missile Weapons Level 1  
  100  5:36  Drone  
  100  5:37  Evolution Chamber, Ravager  
  100  5:42  Overlord, Ravager  
  102  5:45  Evolution Chamber  
  102  5:47  Drone  
  102  5:51  Drone x2, Roach  
  102  5:52  Overseer  
  102  5:53  Drone, Glial Reconstitution  
  102  5:55  Drone x3  
  110  5:58  Drone  
  110  6:00  Pneumatized Carapace  
  110  6:03  Zerg Melee Weapons Level 1  
  111  6:04  Overlord  
  111  6:06  Burrow  
  111  6:07  Spine Crawler  
  111  6:09  Drone  
  111  6:11  Zerg Ground Armor Level 1, Spine Crawler  
  111  6:15  Drone, Lurker Den  
  110  6:20  Drone  
  110  6:22  Drone, Infestor  
  110  6:23  Drone x2  
  116  6:26  Drone x2  
  116  6:27  Drone x2  
  116  6:31  Queen  
  116  6:32  Drone  
  123  6:33  Extractor  
  123  6:34  Overlord  
  123  6:38  Drone  
  123  6:39  Hatchery  
  122  6:42  Drone  
  122  6:45  Drone  
  124  6:49  Drone  
  124  6:53  Hive, Spore Crawler  
  129  6:54  Drone, Roach x2  
  129  6:55  Infestor  
  129  6:57  Overlord, Spore Crawler  
  129  6:58  Drone, Roach  
  129  7:00  Drone  
  134  7:04  Drone  
  134  7:06  Drone  
  136  7:11  Drone  
  136  7:15  Drone, Spine Crawler  
  138  7:17  Lurker, Drone  
  138  7:20  Extractor  
  138  7:21  Overlord  
  138  7:24  Lurker, Queen  
  138  7:25  Infestor, Roach x2  
  138  7:27  Drone x2  
  151  7:30  Roach  
  151  7:35  Drone, Spine Crawler  
  151  7:39  Drone, Spore Crawler  
  151  7:40  Drone x3, Overlord, Roach  
  151  7:41  Drone  
  151  7:42  Spore Crawler  
  156  7:44  Zerg Missile Weapons Level 2  
  156  7:46  Drone  
  156  7:47  Neural Parasite  
  156  7:48  Drone, Overseer  
  156  7:51  Drone, Overseer  
  159  7:52  Drone x2  
  159  7:56  Infestor  
  159  7:57  Drone  
  159  7:58  Drone, Zergling x2  
  165  7:59  Extractor  
  165  8:00  Drone  
  165  8:01  Drone, Overlord, Roach  
  165  8:02  Extractor, Roach  
  165  8:03  Drone  
  170  8:06  Adrenal Glands  
  170  8:07  Hatchery  
  170  8:09  Drone  
  170  8:11  Roach, Viper  
  175  8:13  Spine Crawler, Roach  
  175  8:19  Drone, Overlord, Viper  
  180  8:25  Zergling x2, Spire  
  180  8:26  Drone, Tunneling Claws  
  181  8:29  Ravager  
  181  8:30  Roach  
  184  8:35  Spine Crawler  
  184  8:36  Drone  
  184  8:37  Overlord, Spine Crawler, Ravager  
  184  8:38  Hydralisk, Lurker, Drone, Roach  
  184  8:39  Lurker  
  191  8:47  Hydralisk, Spine Crawler  
  192  8:49  Hydralisk  
  192  8:50  Baneling Nest, Drone  
  192  8:55  Infestor  
  192  8:56  Drone, Infestor  
  192  8:57  Roach  
  199  9:06  Drone, Spine Crawler  
  199  9:09  Zergling x4, Drone, Spine Crawler  
  198  9:10  Hydralisk x4  
  198  9:11  Zergling x4, Roach  
  198  9:13  Zergling x2, Ravager, Roach  
  198  9:15  Zergling x4, Hydralisk, Roach x2  
  198  9:16  Hydralisk, Infestor, Roach x2, Spore Crawler  
  198  9:17  Drone  
  198  9:19  Roach  
  198  9:20  Spore Crawler  
  198  9:21  Drone, Ravager  
  198  9:22  Roach  
  198  9:23  Roach x2, Spore Crawler  
  198  9:24  Drone, Roach x2  
  198  9:25  Roach  
  198  9:26  Queen, Roach, Spore Crawler  
  198  9:27  Drone, Hatchery  
  198  9:29  Drone  
  198  9:30  Hydralisk, Lurker  
  198  9:31  Lurker, Spore Crawler  
  185  9:34  Baneling  
  185  9:35  Drone  
  185  9:36  Viper  
  185  9:37  Hydralisk x2  
  188  9:38  Hydralisk, Roach  
  188  9:39  Zergling x4, Extractor  
  188  9:40  Drone, Ravager  
  188  9:42  Roach  
  188  9:43  Zergling x2, Corruptor  
  188  9:44  Zergling x2  
  188  9:45  Hydralisk x2  
  183  9:46  Roach  
  183  9:47  Hydralisk, Spine Crawler, Ravager  
  183  9:49  Drone  
  183  9:51  Roach  
  189  9:53  Roach  
  189  9:58  Extractor  
  189  9:59  Drone  
  191  10:03  Spine Crawler  
  191  10:06  Spine Crawler  
Tags
 
Composition
Lurkers
Matchup
ZvZ
Race
Zerg
Replay Pack
새 폴더
Spawn Locations
Cross Positions
Add a new tag
Caveats
  • Supply blocks, unpowered buildings, or Contaminate may cause inaccurate times.
  • Supply counts are checked every 10 seconds.